 Dungeon Crawl Stone Soup version 0.17-a0-1850-g688e747 (webtiles) character file.

25 Kingtendie the Charlatan (level 2, 0/23 HPs)
             Began as a Draconian Artificer on Sept 19, 2015.
             Slain by a kobold
             ... wielding a +0 club
              (1 damage)
             ... on level 1 of the Dungeon.
             The game lasted 00:05:04 (1234 turns).

Kingtendie the Charlatan (Draconian Artificer)      Turns: 1234, Time: 00:05:05

Health: 0/23       AC:  4    Str: 13    XL:     2   Next: 82%
Magic:  4/4        EV: 12    Int: 12    God:
Gold:   70         SH:  0    Dex: 11    Spells: 0 memorised, 1 level left

rFire  . . .     SeeInvis .     k - +0 spear (curse)
rCold  . . .     Clarity  .     (armour unavailable)
rNeg   . . .     SustAt   .     (no shield)
rPois  .         Gourm    .     (helmet restricted)
rElec  .         Spirit   .     (no cloak)
rCorr  .         Warding  .     (no gloves)
rMut   .         Stasis   .     (no boots)
MR     .....                    (no amulet)
Stlth  +.........               (no ring)
                                (no ring)

@: not resistant to hostile enchantments, very unstealthy
A: unfitting armour, cold-blooded, AC +4
a: no special abilities


You were on level 1 of the Dungeon.
You were not hungry.

You visited 1 branch of the dungeon, and saw 2 of its levels.

You collected 70 gold pieces.

Inventory:

Hand weapons
 a - a +0 short sword
 k - a cursed +0 spear (weapon)
Armour
 j - a +0 plate armour
Magical devices
 b - a wand of flame (15)
 c - a wand of enslavement (15)
 d - a wand of random effects (15)
Scrolls
 f - a scroll of random uselessness {unknown}
 g - a scroll of immolation {unknown}
 i - a scroll of amnesia {unknown}
Comestibles
 e - 2 bread rations
 h - 2 fruits
 l - 2 chunks of flesh


   Skills:
 + Level 1.3 Fighting
 + Level 1.0 Short Blades
 + Level 2.1 Dodging
 + Level 0.8 Stealth
 + Level 3.8 Evocations


You had one spell level left.
You didn't know any spells.

Dungeon Overview and Level Annotations

Branches:
Dungeon (2/15)

Altars:


Innate Abilities, Weirdness & Mutations

Your plain brown scales are hard (AC +4).
Your body does not fit into most forms of armour.
You are cold-blooded and may be slowed by cold attacks.


Message History

The jackal closely misses you. The kobold hits you but does no damage.
You climb upwards.
There is a stone staircase leading down here.
You barely miss the jackal. The jackal closely misses you.
The kobold hits you with a club.
* * * LOW HITPOINT WARNING * * *
You hit the jackal but do no damage. The jackal closely misses you.
The kobold closely misses you.
The jackal bites you but does no damage.
You hit the jackal.
The jackal is severely wounded.
The jackal bites you.
* * * LOW HITPOINT WARNING * * *
The kobold barely misses you.
You hit the jackal.
You kill the jackal!
The kobold closely misses you. The kobold hits you but does no damage.
You barely miss the kobold. The kobold hits you with a club.
You die...

........#..<..#.....###......####
###.....##...##.....#........#
###......##'##......########.####
..#......................# #.....
#.#.................####.########
#.#.................####.........
..#...)...................#######
###...##########.##.##....##.....
......######...K@...##....##....#
###'#...........>.........#####.#
##.....#####.###.#####..### #.#
##.....# #.....#.# #..# #..
.'.....# #.#####.# #..#######.#
##.....# #.#.....# #..........#
####..###.#.##########'#########
##....).#.#................#
#.....†.#.##.##...#........#


You could see a kobold.

Vanquished Creatures
  A ball python (D:1)
  4 bats (D:1)
  A giant cockroach (D:1)
  A hobgoblin (D:1)
  4 kobolds
  A giant newt (D:1)
  4 goblins (D:1)
  4 jackals (D:1)
  2 rats (D:1)
22 creatures vanquished.

Vanquished Creatures (others)
  A jackal (D:2)
1 creature vanquished.

Grand Total: 23 creatures vanquished

Notes
Turn   | Place    | Note
--------------------------------------------------------------
     0 | D:1      | Kingtendie the Draconian Artificer began the quest for the Orb.
     0 | D:1      | Reached XP level 1. HP: 16/16 MP: 3/3
   488 | D:1      | Reached XP level 2. HP: 23/23 MP: 4/4
  1231 | D:1      | HP: 1/23 [jackal (2)]
  1234 | D:1      | Slain by a kobold

Vault maps used:
D:1:      dpeg_arrival_shelter, dk_noncrumbling_4
D:2:      grunt_decor_one_mirror

Action                   || total
-------------------------++-------
Melee: Short sword       ||    54
       Spear             ||    39
  Use: Scroll            ||     1
 Stab: Sleeping          ||     1
  Eat: Fruit             ||     1
